 Dungeon Crawl Stone Soup version 0.16-a0-148-g3b84123 (webtiles) character file.

62291 MDvedh the Ripper (level 14, 0/70 HPs)
             Began as a Felid Berserker on Aug 14, 2014.
             Was the Champion of Trog.
             Slain by a wolf spider (9 damage)
             ... on Level 4 of the Spider Nest on Aug 15, 2014.
             The game lasted 01:50:32 (48001 turns).

MDvedh the Ripper (Felid Berserker)                Turns: 48001, Time: 01:50:32

HP   0/70        AC  3     Str 13      XL: 14   Next: 63%
MP  31/31        EV 37     Int  8      God: Trog [******]
Gold 1730        SH  0     Dex 23      Spells:  0 memorised, 13 levels left
Lives: 0, deaths: 3

rFire  . . .     SeeInvis +       - Unarmed
rCold  + . .     Clarity  .     (armour unavailable)
rNeg   + . .     rCorr    .     (shield unavailable)
rPois  +         rRot     .     (helmet unavailable)
rElec  .         Spirit   .     (cloak unavailable)
SustAb .         Warding  +     (gloves unavailable)
rMut   .         Stasis   .     (boots unavailable)
Gourm  .                        l - amulet of warding
MR     ++...                    M - cursed ring of poison resistance
                                K - +2 ring of evasion

@: quick, very resistant to hostile enchantments, very stealthy
A: paw claws, no armour, no weapons or thrown items, fangs 3, see invisible,
agile 1, carnivore 3, speed 1, shaggy fur 3, slow metabolism 1, jump 3
a: Jump Attack, Burn Spellbooks, Berserk, Trog's Hand, Brothers in Arms,
Renounce Religion


You were on level 4 of the Spider Nest.
You worshipped Trog.
Trog was exalted by your worship.
You were very full.

You visited 4 branches of the dungeon, and saw 31 of its levels.
You also visited: Labyrinth and Ossuary.

You collected 3241 gold pieces.
You spent 1511 gold pieces at shops.

Inventory:

Magical devices
 b - a wand of draining (3)
 n - a wand of enslavement (18)
 t - a wand of heal wounds (3)
 y - a wand of lightning (6)
 J - a wand of lightning (10)
 N - a wand of heal wounds (5)
 R - a wand of fire (4)
 T - a wand of teleportation (3)
 U - a wand of paralysis (10)
 V - a wand of fire (6)
 X - a wand of enslavement (11)
 Y - a wand of paralysis (1)
Comestibles
 c - 10 meat rations
 r - a royal jelly
 D - 4 beef jerkies
Scrolls
 d - a scroll of immolation
 e - 2 scrolls of recharging
 i - 7 scrolls of magic mapping
 m - a scroll of holy word
 v - 12 scrolls of remove curse
 x - 9 scrolls of teleportation
 A - 2 scrolls of fog
 E - a scroll of fear
 H - 17 scrolls of identify
 I - 6 scrolls of vulnerability
 O - 3 scrolls of blinking
 P - 2 scrolls of silence
Jewellery
 j - a cursed ring of sustain abilities
 l - an amulet of warding (around neck)
 o - an uncursed ring of flight
 u - a cursed ring of teleportation
 K - a +2 ring of evasion (left paw)
 M - a cursed ring of poison resistance (right paw)
 S - a cursed ring of ice
Potions
 f - 6 potions of agility
 g - 2 potions of haste
 h - 3 potions of might
 k - a potion of berserk rage
 p - a potion of flight
 w - 6 potions of curing
 z - a potion of resistance
 B - 2 potions of invisibility
 C - 3 potions of heal wounds
 F - 2 potions of cure mutation
 G - 2 potions of cancellation
Miscellaneous
 a - a lamp of fire
 q - a fan of gales
 Z - a box of beasts {used: 1}


   Skills:
 * Level 13.2 Fighting
 - Level 15.1 Dodging
 + Level 11.1 Stealth
 - Level 19.0 Unarmed Combat
 + Level 12.4 Evocations


You had 13 spell levels left.
You didn't know any spells.

Dungeon Overview and Level Annotations

Branches:
Dungeon (15/15)            Temple (0/1) D:4             Orc (4/4) D:12
    Elf (0/3) Orc:3          Lair (8/8) D:10         Shoals (0/5) Lair:4
 Spider (4/5) Lair:3        Slime (0/6) Lair:7       Vaults (0/5) D:14
 Depths (0/5) D:15

Altars:
Dithmenos
Gozag
Makhleb
Vehumet
Xom
Zin
The Shining One
Beogh
Jiyva

Shops:
D:4 [   D:12 ?   D:15 (   Orc:3 *   Orc:4 (=*[

Annotations:
Orc:2 exclusion: ice statue
Lair:7 exclusion: oklob plant


Innate Abilities, Weirdness & Mutations

You cannot wear armour.
You are incapable of wielding weapons or throwing items.
Your paws have sharp claws.
You have razor-sharp teeth.
You have supernaturally acute eyesight.
You are carnivorous and can eat meat at any time.
You cover ground quickly.
Your thick and shaggy fur keeps you warm (AC +3, rC+).
You have a slow metabolism.
You can jump attack at a long distance.
You are agile. (Dex +2)


Message History

The wolf spider poisons you!
You closely miss the wolf spider. You bite the wolf spider.
The wolf spider is moderately wounded.
You feel sick. The wolf spider hits you!! The wolf spider closely misses you.
You closely miss the wolf spider.
The wolf spider is moderately wounded.
You feel sick. The wolf spider misses you. The wolf spider misses you.
You mangle the wolf spider!! You claw the wolf spider!
You bite the wolf spider, but do no damage.
The wolf spider is almost dead.
You feel sick. The wolf spider closely misses you.
The wolf spider completely misses you.
You scratch the wolf spider.
The wolf spider is almost dead.
You feel sick. The wolf spider hits you!!
* * * LOW HITPOINT WARNING * * *
The wolf spider completely misses you.
Drink which item? (? for menu, Esc to quit)
You feel better. The wolf spider hits you!
You die...

### ....##
.......### ###
.........# ##.#
.........###.##
.........##...###
.........s@.....##
.........#.......##
........##........#
....... #........#
......###.......##
.##### #.......^#
#.......##
###.....^.#
#....^^..##


You could see a wolf spider.

Vanquished Creatures
  Donald (Spider:1)
  Maud (Lair:8)
  An emperor scorpion (Spider:2)
  Aizul (Spider:1)
  An orc warlord (Orc:4)
  Gastronok (D:8)
  A dire elephant (Lair:8)
  The ghost of haldagan the Martial Artist, a powerful DrMo of Qazlal (Orc:4)
  Snorg (Spider:1)
  A fire dragon (D:15)
  A minotaur (Lab)
  A yaktaur captain (D:15)
  Fannar (D:14)
  An ogre mage (D:15)
  Erica (D:12)
  2 tengu warriors (D:15)
  5 centaur warriors
  An orc high priest (Orc:4)
  Nergalle (Lair:1)
  3 skeletal warriors (D:13)
  An unseen horror (D:13)
  5 orb spiders
  A shadow wraith (D:14)
  Erolcha (D:11)
  A lindwurm (Lair:7)
  7 hill giants
  17 wolf spiders
  4 orc knights
  A griffon (Lair:3)
  A manticore (D:15)
  4 orc sorcerers
  9 elephants
  A red wasp (Spider:1)
  4 black mambas
  A black mamba (shapeshifter) (D:14)
  Joseph (D:8)
  17 spiny frogs
  A centaur skeleton (D:13)
  2 feature mimics
  10 komodo dragons
  5 demonic crawlers
  A redback zombie (D:13)
  An efreet (D:13)
  A yaktaur (D:15)
  A kobold demonologist (D:13)
  5 trolls
  A wandering mushroom (Lair:8)
  16 jumping spiders
  Sonja (D:14)
  3 fire drakes
  3 polar bears
  3 ravens (D:15)
  The ghost of Liquorice the Spear-Bearer, an average MfBe of Trog (D:4)
  13 blink frogs
  A hydra skeleton (D:10)
  4 two-headed ogres
  2 boulder beetles (Spider:3)
  A snapping turtle (Lair:4)
  3 basilisks
  6 trapdoor spiders
  A shadow (D:14)
  3 wraiths
  A wyvern (D:9)
  8 tarantellas
  A deep elf fighter (Orc:3)
  22 redbacks
  39 yaks
  2 deep elf magi
  2 hill giant zombies
  A steam dragon (D:11)
  Grum (D:11)
  A hill giant skeleton (D:14)
  4 vampire mosquitoes (D:13)
  A warg (Orc:2)
  14 hippogriffs
  3 hungry ghosts
  38 wolves
  4 soldier ants (Spider:2)
  A tengu zombie (D:13)
  2 mottled dragons
  12 water moccasins
  A black bear (D:12)
  6 sky beasts
  9 ogres
  26 orc warriors
  30 spiders
  An ice beast (D:14)
  3 phantoms
  16 porcupines
  2 yellow wasps
  6 boring beetles
  13 centaurs
  A big kobold (D:14)
  23 crocodiles
  A yaktaur skeleton (D:14)
  20 giant frogs
  11 scorpions
  A cyclops zombie (D:15)
  2 cyclops skeletons
  A boulder beetle zombie (D:15)
  An eye of draining (D:13)
  9 killer bees
  3 wights (D:12)
  A quasit (D:11)
  4 crimson imps
  A troll skeleton (D:10)
  7 electric eels
  A goliath beetle (D:10)
  2 giant frog skeletons
  8 hounds
  5 human zombies (Ossuary)
  A lava snake (Lair:6)
  2 centaur zombies
  5 jellies
  A gnoll shaman (D:4)
  25 orc priests
  A basilisk skeleton (D:14)
  9 iguanas
  26 orc wizards
  Natasha (thrice) (D:3)
  21 sheep
  30 worker ants
  Ijyb (D:5)
  A brain worm zombie (D:15)
  An ogre zombie (Orc:4)
  4 mummies
  17 adders
  7 gnolls
  4 scorpion zombies (Ossuary)
  57 green rats
  4 shadow imps
  A giant mite (D:7)
  3 worms
  An adder skeleton (D:5)
  7 giant geckos
  2 oozes
  160 orcs
  A bat skeleton (D:6)
  3 giant cockroaches
  18 goblins
  21 hobgoblins
  18 jackals
  6 quokkas
  A ball python (D:2)
  22 bats
  4 giant newts
  A goblin zombie (Ossuary)
  A hobgoblin skeleton (D:6)
  3 hobgoblin zombies
  25 kobolds
  3 kobold skeletons
  9 kobold zombies
  3 orc skeletons
  10 orc zombies
  2 quokka zombies
  16 rats
  6 spectral orcs (Lair:1)
  A bush (Lair:8)
  2 butterflies (Lair:1)
  A plant (Lair:1)
1135 creatures vanquished.

Vanquished Creatures (collateral kills)
  Arachne (Spider:2)
  Asterion (Spider:2)
  The ghost of Ratboiler the Basher, a powerful TrAr of Trog (Lair:1)
  2 hydras
  4 wolf spiders
  2 spiny frogs (Lair:1)
  A queen ant (Spider:2)
  An eye of devastation (Lair:7)
  A jumping spider (Spider:2)
  3 demonic crawlers
  A redback (Spider:2)
  2 tarantellas (Spider:2)
  3 soldier ants (Spider:2)
  A water moccasin (Lair:1)
  A spider (Spider:2)
  2 orc warriors
  A giant frog (Lair:1)
  2 killer bees (D:7)
  4 worker ants
  An orc (D:6)
  A spectral orc (Lair:1)
  2 butterflies (Lair:1)
38 creatures vanquished.

Vanquished Creatures (others)
  A stone giant (Spider:2)
  2 hill giants
  An orb spider (Spider:1)
  2 air elementals (Spider:2)
  A troll (Spider:2)
  2 fire elementals
  A killer bee (D:7)
  A scorpion (Ossuary)
  5 sheep (Lair:8)
  A mummy (Ossuary)
  2 fungi
  A plant (D:10)
20 creatures vanquished.

Grand Total: 1193 creatures vanquished

Notes
Turn   | Place    | Note
--------------------------------------------------------------
     0 | D:1      | MDvedh, the Felid Berserker, began the quest for the Orb.
     0 | D:1      | Reached XP level 1. HP: 10/10 MP: 2/2
   239 | D:1      | Reached XP level 2. HP: 12/14 MP: 3/3
   461 | D:1      | Acquired Trog's second power
   571 | D:1      | Reached XP level 3. HP: 17/17 MP: 5/5
  1685 | D:2      | Reached XP level 4. HP: 13/21 MP: 7/7
  2496 | D:2      | Reached skill level 5 in Unarmed Combat
  3081 | D:3      | Noticed Natasha
  3090 | D:3      | Killed Natasha
  3090 | D:3      | Reached XP level 5. HP: 20/24 MP: 8/8
  3095 | D:3      | Noticed Natasha
  3145 | D:3      | Killed Natasha
  3203 | D:3      | Noticed Natasha
  3207 | D:3      | Killed Natasha
  3339 | D:3      | Found a glowing silver altar of Zin.
  3658 | D:4      | Found a staircase to the Ecumenical Temple.
  3674 | D:4      | Noticed Liquorice's ghost (average MfBe)
  3689 | D:4      | Killed Liquorice's ghost
  3689 | D:4      | Reached skill level 5 in Dodging
  3689 | D:4      | Reached skill level 6 in Unarmed Combat
  3689 | D:4      | Gained mutation: You are covered in thick fur (AC +2). [growing up]
  3689 | D:4      | Gained mutation: You can jump attack at a medium distance. [growing up]
  3689 | D:4      | Reached XP level 6. HP: 19/28 MP: 10/10
  3881 | D:4      | Acquired Trog's third power
  4106 | D:4      | Reached XP level 7. HP: 7/33 MP: 12/12
  4359 | D:4      | Found Caxas' Antique Armour Emporium.
  4734 | D:4      | Reached skill level 7 in Unarmed Combat
  5221 | D:5      | Entered Level 5 of the Dungeon
  5238 | D:5      | Reached skill level 5 in Fighting
  5635 | D:5      | Reached XP level 8. HP: 28/37 MP: 13/13
  6073 | D:5      | Noticed Ijyb
  6084 | D:5      | Killed Ijyb
  6461 | D:6      | Reached skill level 8 in Unarmed Combat
  6708 | D:6      | Found a burning altar of Makhleb.
  6708 | D:6      | Noticed a balrug
  7377 | D:6      | Reached skill level 1 in Stealth
  7743 | D:7      | Found a sand-covered staircase.
  7761 | Ossuary  | Entered an ossuary
  7946 | Ossuary  | Reached skill level 9 in Unarmed Combat
  8698 | Ossuary  | Reached XP level 9. HP: 41/41 MP: 15/15
  9466 | D:7      | Reached skill level 5 in Stealth
  9466 | D:7      | Reached skill level 10 in Unarmed Combat
  9995 | D:8      | Found a glowing golden altar of the Shining One.
 10067 | D:8      | Reached skill level 1 in Evocations
 10079 | D:8      | Noticed Joseph
 10096 | D:8      | Killed Joseph
 10355 | D:8      | Noticed Gastronok
 10372 | D:8      | Killed Gastronok
 10372 | D:8      | Reached skill level 11 in Unarmed Combat
 10372 | D:8      | Reached XP level 10. HP: 18/45 MP: 18/21
 11009 | D:9      | Noticed a hill giant
 11023 | D:9      | Killed a hill giant
 11243 | D:9      | Reached skill level 5 in Evocations
 11719 | D:9      | Reached skill level 12 in Unarmed Combat
 11956 | D:9      | Noticed a centaur warrior
 12022 | D:9      | Killed a centaur warrior
 12292 | D:10     | Entered Level 10 of the Dungeon
 12607 | D:10     | Noticed a hill giant
 12620 | D:10     | Killed a hill giant
 12994 | D:10     | Found a staircase to the Lair.
 13013 | D:10     | Reached XP level 11. HP: 48/48 MP: 24/24
 13319 | D:10     | Found a shadowy altar of Dithmenos.
 13655 | D:10     | Noticed a hill giant
 13662 | D:10     | Killed a hill giant
 14204 | D:10     | Noticed a hill giant
 14391 | D:10     | Killed a hill giant
 14391 | D:10     | Reached skill level 13 in Unarmed Combat
 14565 | Lair:1   | Entered Level 1 of the Lair of Beasts
 14876 | Lair:1   | Noticed Ratboiler's ghost (powerful TrAr)
 15205 | Lair:1   | Killed Ratboiler's ghost
 15334 | Lair:1   | Identified a scroll of acquirement
 15586 | Lair:1   | Noticed Nergalle
 15608 | Lair:1   | Noticed a spectral orc warlord
 15625 | Lair:1   | Slain by a spectral orc warrior
 15626 | Lair:1   | Reached XP level 10. HP: -2/47 MP: 24/24
 16096 | Lair:1   | Found a glowing golden altar of the Shining One.
 16110 | Lair:1   | Killed Nergalle
 16110 | Lair:1   | Reached skill level 10 in Dodging
 16393 | Lair:1   | Reached XP level 11. HP: 38/50 MP: 25/25
 17267 | Lair:2   | Found a glowing silver altar of Zin.
 17362 | Lair:2   | Found a frozen archway.
 17944 | Lair:2   | Reached skill level 14 in Unarmed Combat
 18982 | Lair:3   | Found a dark tunnel.
 19049 | Lair:3   | Found a hole to the Spider Nest.
 20023 | Lair:3   | Gained mutation: Your thick and shaggy fur keeps you warm (AC +3, rC+). [growing up]
 20023 | Lair:3   | Gained mutation: You can jump attack at a long distance. [growing up]
 20023 | Lair:3   | Reached XP level 12. HP: 56/56 MP: 28/28
 21496 | Lair:4   | Found a staircase to the Shoals.
 22029 | Lair:4   | Reached skill level 10 in Evocations
 22032 | Lair:4   | Reached skill level 15 in Unarmed Combat
 24333 | Lair:6   | Noticed a six-headed hydra
 24339 | Lair:6   | Killed a six-headed hydra
 24972 | Lair:7   | Reached XP level 13. HP: 60/60 MP: 29/29
 25726 | Lair:7   | Found a staircase to the Slime Pits.
 25727 | Lair:7   | Found a viscous altar of Jiyva.
 25981 | Lair:8   | Entered Level 8 of the Lair of Beasts
 26685 | Lair:8   | Reached skill level 10 in Fighting
 27465 | Lair:7   | Gained mutation: You are agile. (Dex +2) [potion of beneficial mutation]
 27832 | Lair:8   | Reached skill level 16 in Unarmed Combat
 28137 | Lair:8   | Noticed Maud
 28146 | Lair:8   | Killed Maud
 28354 | Lair:8   | Found a shimmering altar of Xom.
 28850 | Lair:8   | Noticed a dire elephant
 28864 | Lair:8   | Killed a dire elephant
 29926 | D:11     | Noticed Grum
 29937 | D:11     | Killed Grum
 30101 | D:11     | Noticed Erolcha
 30110 | D:11     | Killed Erolcha
 30425 | D:11     | Found an opulent altar of Gozag.
 30614 | D:12     | Found Nuckeuc's Magic Scroll Shop.
 30619 | D:12     | Bought a scroll of fog for 26 gold pieces
 30619 | D:12     | Bought a scroll of identify for 26 gold pieces
 30619 | D:12     | Bought a scroll of identify for 26 gold pieces
 30619 | D:12     | Bought a scroll of blinking for 97 gold pieces
 30619 | D:12     | Bought a scroll of teleportation for 39 gold pieces
 30730 | D:12     | Found a staircase to the Orcish Mines.
 30903 | D:12     | Noticed Erica
 30915 | D:12     | Killed Erica
 30915 | D:12     | Reached XP level 14. HP: 66/66 MP: 31/31
 31685 | Orc:1    | Entered Level 1 of the Orcish Mines
 33117 | Orc:3    | Found Orphalat's Off-Brand Ammunition.
 33298 | Orc:3    | Found a staircase to the Elven Halls.
 33640 | Orc:4    | Entered Level 4 of the Orcish Mines
 33640 | Orc:4    | Noticed haldagan's ghost (powerful DrMo)
 33660 | Orc:4    | Killed haldagan's ghost
 34572 | Orc:4    | Found a radiant altar of Vehumet.
 35594 | Orc:4    | Noticed an orc warlord
 35678 | Orc:4    | Killed an orc warlord
 35830 | Orc:4    | Found a roughly hewn altar of Beogh.
 35860 | Orc:4    | Reached skill level 17 in Unarmed Combat
 36003 | Orc:4    | Found Haitruqa's Antique Armour Emporium.
 36007 | Orc:4    | Found Caubb's General Store.
 36234 | Orc:4    | Found Psa Raext's Jewellery Emporium.
 36273 | Orc:4    | Found Crongoyk's Antique Weapon Emporium.
 36297 | Orc:4    | Bought a +2 ring of evasion for 150 gold pieces
 36297 | Orc:4    | Bought an uncursed ring of poison resistance for 300 gold pieces
 36338 | Orc:4    | Bought a potion of agility for 37 gold pieces
 36383 | Orc:4    | Bought a wand of heal wounds (5) for 810 gold pieces
 38391 | D:14     | Found a labyrinth entrance.
 38422 | Lab      | Entered a labyrinth
 38619 | Lab      | Got a pair of ichor-stained boots
 38623 | Lab      | Identified the Reference Book on Earth and Shape Shifting (You found it in a labyrinth)
 38724 | D:14     | Noticed Sonja
 38761 | D:14     | Killed Sonja
 39134 | D:14     | Found a gate to the Vaults.
 39195 | D:14     | Noticed Fannar
 39300 | D:14     | Killed Fannar
 39657 | D:15     | Entered Level 15 of the Dungeon
 40048 | D:15     | Killed from afar by a fire dragon
 40049 | D:15     | Reached XP level 13. HP: -6/64 MP: 30/30
 40227 | D:14     | Reached XP level 14. HP: 40/68 MP: 31/31
 40390 | D:15     | Found Skoizoama's Weapon Boutique.
 41412 | D:15     | Reached skill level 18 in Unarmed Combat
 41533 | D:15     | Found a staircase to the Depths.
 41752 | D:15     | Upgraded the game from 0.16-a0-139-gc9fe9b1 to 0.16-a0-148-g3b84123
 42003 | Spider:1 | Entered Level 1 of the Spider Nest
 42368 | Spider:1 | Noticed Aizul
 42382 | Spider:1 | Killed Aizul
 42382 | Spider:1 | Reached skill level 15 in Dodging
 42395 | Spider:1 | Noticed Snorg
 42426 | Spider:1 | HP: 4/103 [Snorg (6)]
 42426 | Spider:1 | Slain by Snorg
 42427 | Spider:1 | Reached XP level 13. HP: -2/96 MP: 30/30
 42445 | Spider:1 | Killed Snorg
 42926 | Spider:1 | Noticed Donald
 42941 | Spider:1 | Killed Donald
 44199 | Spider:2 | Noticed Arachne
 44255 | Spider:2 | Killed Arachne
 44255 | Spider:2 | Reached XP level 14. HP: 26/69 MP: 31/31
 44758 | Spider:2 | Reached skill level 10 in Stealth
 45319 | Spider:2 | Noticed Asterion
 45335 | Spider:2 | Noticed a spectral weapon
 45335 | Spider:2 | Killed Asterion
 46339 | Spider:2 | Noticed an emperor scorpion
 46353 | Spider:2 | Killed an emperor scorpion
 46353 | Spider:2 | Reached skill level 19 in Unarmed Combat
 48001 | Spider:4 | Slain by a wolf spider

Action                   |  1- 3 |  4- 6 |  7- 9 | 10-12 | 13-15 || total
-------------------------+-------+-------+-------+-------+-------++-------
Melee: Unarmed           |   109 |   164 |   455 |  1024 |  1843 ||  3595
Invok: Berserk           |     2 |     9 |     8 |    17 |    24 ||    60
       Trog's Hand       |       |     2 |       |       |     1 ||     3
       Brothers in Arms  |       |       |     2 |     2 |    12 ||    16
 Abil: Jump Attack       |       |       |     4 |     4 |    14 ||    22
Evoke: Wand              |       |     2 |     3 |     5 |    13 ||    23
       Lamp of fire      |       |       |       |     2 |     2 ||     4
       Fan of gales      |       |       |       |       |     1 ||     1
       Box of beasts     |       |       |       |       |     1 ||     1
  Use: Scroll            |       |     2 |    13 |    11 |    19 ||    45
       Potion            |       |       |       |     5 |    10 ||    15
 Stab: Sleeping          |     2 |     2 |     5 |    54 |    70 ||   133
       Distracted        |       |       |       |    12 |    12 ||    24
       Paralysed         |       |       |       |       |     3 ||     3
  Eat: Chunk             |     9 |    12 |    20 |    47 |    81 ||   169
       Pizza             |       |       |     2 |       |       ||     2
       Beef jerky        |       |       |     1 |       |       ||     1
